 Dungeon Crawl Stone Soup version 0.32-a0-612-g1c984fe9d1 (webtiles) character file.

Game seed: 6467577996556597688

832 killozap the Firebug (level 7, -1/57 HPs)
             Began as a Mountain Dwarf Fire Elementalist on Mar 4, 2024.
             Succumbed to a killer bee's poison
             ... on level 5 of the Dungeon.
             The game lasted 00:19:17 (6054 turns).

killozap the Firebug (MDFE)                         Turns: 6054, Time: 00:19:18

Health: -1/57      AC: 13    Str: 13    XL:     7   Next: 65%
Magic:  1/11       EV: 24    Int: 15    God:
Gold:   254        SH:  0    Dex: 10    Spells: 9/12 levels left

rFire   . . .        j - +0 mace
rCold   . . .        (no shield)
rNeg    . . .        u - +0 scale mail
rPois   .            k - +0 helmet
rElec   .            (no cloak)
rCorr   +            (no gloves)
SInv    .            y - +0 pair of boots
Will    .....        p - amulet of the acrobat Stlth
                     c - +4 ring of protection
HPRegen 0.29/turn    x - ring of resist corrosion
MPRegen 0.12/turn

%: acrobat
@: lethally poisoned (-1 -> -13), acrobatic, studying Ranged Weapons
A: runic magic, artefact enchanting
a: no special abilities


You were on level 5 of the Dungeon.
You visited 2 branches of the dungeon, and saw 6 of its levels.
You also visited: Sewer.

You collected 290 gold pieces.
You spent 36 gold pieces at shops.

Inventory:

Hand Weapons
 j - a +0 mace (weapon)
 w - a +1 falchion of protection
Armour
 a - a +0 robe
 g - a +0 leather armour
 k - a +0 helmet (worn)
 o - a +0 ring mail
 u - a +0 scale mail (worn)
 y - a +0 pair of boots (worn)
Jewellery
 b - an amulet of guardian spirit
 c - a +4 ring of protection (left hand)
 p - an amulet of the acrobat (around neck)
 x - a ring of resist corrosion (right hand)
Wands
 v - a wand of light (9)
 D - a wand of mindburst (13)
Scrolls
 d - a scroll of vulnerability {unknown}
 h - a scroll of fog {unknown}
 i - a scroll of noise {unknown}
 l - a scroll of teleportation {unknown}
 r - a scroll of fear
 s - 2 scrolls of identify {unknown}
 t - a scroll of blinking {unknown}
Potions
 e - 2 potions of invisibility {unknown}
 f - 2 potions of brilliance {unknown}
 m - a potion of ambrosia {unknown}
 n - 2 potions of enlightenment {unknown}
 q - 3 potions of heal wounds {unknown}
 z - a potion of curing
 A - a potion of magic
 B - a potion of mutation {unknown}
 C - a potion of might {unknown}


   Skills:
 + Level 3.6 Fighting
 + Level 3.5 Armour
 - Level 1.3 Dodging
 - Level 1.4 Stealth
 + Level 3.2 Spellcasting
 + Level 3.0 Conjurations
 * Level 7.1 Fire Magic


You had 9 spell levels left.
You knew the following spells:

 Your Spells              Type           Power      Damage    Failure   Level
a - Foxfire               Conj/Fire      68%        2x1d7     3%          1
b - Scorch                Fire           46%        2d6       2%          2

Your spell library contained the following spells:

 Spells                   Type           Power      Damage    Failure   Level
 Inner Flame              Hex/Fire       13%        N/A       19%         3
 Volatile Blastmotes      Fire/Tloc      26%        2d12      19%         3
 Slow                     Hex            8%         N/A       28%         1
 Flame Wave               Conj/Fire      17%        2d7       32%         4
 Confusing Touch          Hex            2%         N/A       63%         3
 Sigil of Binding         Hex            2%         N/A       63%         3
 Vampiric Draining        Necr           2%         2d6       63%         3


Dungeon Overview and Level Annotations

Branches:
Dungeon (5/15)             Temple (1/1) D:5           Sewer (visited)

Altars:
Ashenzari
Cheibriados
Dithmenos
Elyvilon
Fedhas
Kikubaaqudgha
Makhleb
Nemelex Xobeh
Ru
Sif Muna
Trog
Uskayaw
Xom
Yredelemnul
Zin
The Shining One

Shops:
D:2 (   D:5 !(:(

Annotations:
D:2 Eustachio, Sigmund


Innate Abilities, Weirdness & Mutations

Your spellcasting is much less encumbered by armour.
You can use scrolls of enchantment on lesser artefacts.


Message History

You feel very sick. The killer bee barely misses you.
The killer bee stings you but does no damage. x2
The killer bee barely misses you.
The killer bee stings you but does no damage. x2
Your magical contamination has completely faded away.
You closely miss the killer bee.
The killer bee is moderately wounded.
You feel sick. The killer bee stings you. The killer bee closely misses you.
The killer bee stings you.
* * * LOW HITPOINT WARNING * * *
You are more poisoned.
The killer bee poisons you!
The killer bee stings you but does no damage. x2
The killer bee barely misses you.
You feel better. The killer bee barely misses you. The killer bee stings you.
The killer bee barely misses you. The killer bee closely misses you.
Casting: Foxfire (safe; 3% risk of failure)
Confirm with . or Enter, or press ? or * to list all spells.
You conjure some foxfire!
The killer bee closely misses you. The killer bee barely misses you.
The killer bee stings you but does no damage.
The killer bee stings you!
* * * LOW HITPOINT WARNING * * *
You are poisoned.
The killer bee poisons you!
Your foxfire dissipates!
You feel very sick.
The foxfire hits the killer bee but does no damage.
The killer bee is moderately wounded.
The killer bee attacks as it pursues you!
The killer bee closely misses you. The killer bee completely misses you.
The killer bee closely misses you. The killer bee misses you.
You feel sick.
The killer bee completely misses you. x2
The killer bee closely misses you.
You feel sick. The killer bee misses you. The killer bee stings you.
* * * LOW HITPOINT WARNING * * *
You are more poisoned.
The killer bee poisons you!
You die...

#†≈#≈.≈#≈~# ... .
#~≈#≈.≈#≈.####.# #.
#.≈#≈.≈#≈~#.##.# ..
#~†.÷~##.[~.##.# .#
##~..###..~.##.###.#
##### ##~..##.....#
######.#y.†.####
#.......y..##
..####@##### #.# ###


You could see 2 killer bees.

Vanquished Creatures
  2 phantoms
  A kobold brigand (Sewer)
  2 scorpions
  A killer bee (D:5)
  2 hounds
  An orc priest (D:4)
  Jessica (D:2)
  An iguana (D:4)
  Robin (D:2)
  6 adders
  5 shadow imps (Sewer)
  4 ufetubi
  3 ribbon worms
  13 orcs
  9 endoplasms
  11 giant cockroaches
  16 goblins
  9 hobgoblins
  2 jackals (D:2)
  8 quokkas
  14 ball pythons
  2 bats
  8 frilled lizards
  19 kobolds
  2 kobold zombies (Sewer)
  8 rats
151 creatures vanquished.

Vanquished Creatures (others)
  364 foxfires
364 creatures vanquished.

Grand Total: 515 creatures vanquished

Notes
Turn   | Place    | Note
-------+----------+-------------------------------------------
     0 | D:1      | killozap the Mountain Dwarf Fire Elementalist began the
                  | quest for the Orb.
     0 | D:1      | Reached XP level 1. HP: 14/14 MP: 3/3
   106 | D:1      | Reached skill level 1 in Conjurations
   463 | D:1      | Reached XP level 2. HP: 22/22 MP: 1/4
   470 | D:1      | Reached skill level 4 in Fire Magic
  1003 | D:1      | Reached skill level 1 in Fighting
  1268 | D:2      | Reached skill level 1 in Armour
  1268 | D:2      | Reached XP level 3. HP: 28/28 MP: 0/6
  1363 | D:2      | Noticed Robin
  1370 | D:2      | Killed Robin
  1470 | D:1      | Learned a level 2 spell: Scorch
  1528 | D:2      | Found a glowing golden altar of the Shining One.
  1532 | D:2      | Noticed Sigmund
  1652 | D:2      | Reached XP level 4. HP: 35/35 MP: 4/7
  1686 | D:2      | Noticed Jessica
  1690 | D:2      | Killed Jessica
  2083 | D:2      | Found Dyuhon's Weapon Boutique.
  2448 | D:3      | Found a faded altar of an unknown god.
  2539 | D:3      | Reached skill level 5 in Fire Magic
  2726 | D:3      | Reached XP level 5. HP: 41/41 MP: 1/8
  3172 | D:4      | Noticed Eustachio
  3489 | D:4      | Found a shadowy altar of Dithmenos.
  3675 | D:4      | Reached XP level 6. HP: 49/49 MP: 4/9
  3799 | D:4      | HP: 1/50 [orc priest/+0 short sword (3)]
  4445 | D:4      | Found a sparkling altar of Nemelex Xobeh.
  4757 | D:5      | Entered Level 5 of the Dungeon
  4757 | D:5      | Found Aruobbigy's Book Shoppe.
  4770 | D:5      | Found Ocrut's Distillery.
  4770 | D:5      | Found Hukyq's Weapon Shoppe.
  4786 | D:4      | Reached skill level 6 in Fire Magic
  4967 | D:5      | Found Siggiatu's Antique Weapon Shoppe.
  5008 | D:5      | Bought a potion of curing for 36 gold pieces
  5066 | D:5      | Reached XP level 7. HP: 52/57 MP: 0/11
  5219 | D:5      | Found a staircase to the Ecumenical Temple.
  5268 | Temple   | Entered the Ecumenical Temple
  5313 | D:5      | Found a glowing drain.
  5329 | Sewer    | Entered a sewer
  5557 | Sewer    | Found an ancient bone altar of Kikubaaqudgha.
  5799 | Sewer    | Reached skill level 7 in Fire Magic
  6053 | D:5      | HP: 2/57 [killer bee (6)]
  6054 | D:5      | Succumbed to a killer bee's poison

Illustrated notes

Levels and vault maps discovered:
D:1:      lemuel_arrival_tunnels, layout_basic,
          wander_ebering_terrifying_dragon_lair
D:2:      layout_basic, basic_altar, serial_shops, shop, uniq_sigmund,
          uniq_robin, uniq_jessica
D:3:      layout_rooms, hellmonk_ecumenical_altar_slurped_away
D:4:      layout_basic, nemelex_diamond_rough_becter,
          mainiacjoe_overflow_six_doors_small, uniq_eustachio
D:5:      layout_basic, lemuel_coloured_pillars_altar,
          minmay_temple_entry_sparse_star, gup_sewer_entry_pipe,
          gammafunk_ghost_hive, minmay_shop_grid_forest
Temple:   jpeg_temple_clearing

Skill      XL: |  1  2  3  4  5  6  7 |
---------------+----------------------+-----
Conjurations   | 1 2 3 |  3.0
Fire Magic     | 4 5 6 7 |  7.1
Fighting       | 1 2 3 |  3.6
Armour         | 1 2 3 |  3.5
Spellcasting   | 2 3 |  3.2
Dodging        | |  1.3
Stealth        | |  1.4

Action                     |  1- 3 |  4- 6 |  7- 9 || total
---------------------------+-------+-------+-------++-------
  Melee: Dagger            |    41 |       |       ||    41
         Club              |     3 |       |       ||     3
         Mace              |       |    99 |    60 ||   159
   Cast: Foxfire           |    55 |   114 |    44 ||   213
         Scorch            |     1 |    20 |    15 ||    36
    Use: Potion            |       |     1 |     2 ||     3
         Scroll            |       |     1 |       ||     1
 Armour: Robe              |     8 |       |       ||     8
         Leather armour    |    21 |    34 |       ||    55
         Ring mail         |       |    67 |       ||    67
         Scale mail        |       |   117 |   148 ||   265
  Dodge: Dodged            |    33 |   121 |   112 ||   266

Table legend: (Time is in decaauts)
 A = Elapsed time spent in this place.
 B = Non-inter-level travel time spent in this place.
 C = Inter-level travel time spent in this place.
 D = Time resting spent in this place.
 E = Time spent auto-exploring this place.
 F = Levels seen in this place.
 G = Mean time per level.
                   A        B        C        D        E       F      G
               +--------+--------+--------+--------+--------+-----+--------+
         Total |   6141 |   5903 |    238 |    921 |   3492 |   7 |  877.3 |
       Dungeon |   5443 |   5205 |    238 |    651 |   3339 |   5 | 1088.6 |
        Temple |      1 |      1 |      0 |      0 |      0 |   1 |    1.0 |
         Sewer |    696 |    696 |      0 |    270 |    152 |   1 |  696.0 |
               +--------+--------+--------+--------+--------+-----+--------+

Top non-repeatable levels by time:
     D:4: 1537 daAuts
     D:1: 1415 daAuts
     D:2: 1081 daAuts
     D:3: 955 daAuts
   Sewer: 696 daAuts
     D:5: 454 daAuts
  Temple: 1 daAuts
